 Dungeon Crawl Stone Soup version 0.29-a0-676-ga64570c9d2 (webtiles) character file.

Game seed: 13748751084790752763

49 happo123 the Digger (level 3, -3/20 HPs)
             Began as a Gargoyle Earth Elementalist on June 24, 2022.
             Slain by Terence
             ... wielding a +0 hand axe
              (6 damage)
             ... on level 2 of the Dungeon.
             The game lasted 00:09:36 (1617 turns).

happo123 the Digger (Gargoyle Earth Elementalist)   Turns: 1617, Time: 00:09:37

Health: -3/20      AC:  5    Str: 11    XL:     3   Next: 75%
Magic:  1/6        EV: 12    Int: 17    God:
Gold:   80         SH:  0    Dex: 10    Spells: 2/6 levels left

rFire   . . .      SeeInvis .   e - +0 dagger
rCold   + . .      Faith    .   (no shield)
rNeg    + . .      Spirit   .   a - +0 robe
rPois   ∞          Reflect  .   (no helmet)
rElec   +          Harm     .   (no cloak)
rCorr   .          Rampage  .   (no gloves)
Will    .....                   (no boots)
Stlth   ++........              (no amulet)
HPRegen 0.06/turn               i - ring of ice
MPRegen 0.10/turn               k - ring of protection from fire

@: no status effects
A: sickness immunity, AC +3, negative energy resistance 1, electricity
resistance, torment resistance 1, petrification resistance
a: no special abilities


You were on level 2 of the Dungeon.
You visited 1 branch of the dungeon, and saw 2 of its levels.

You collected 80 gold pieces.

Inventory:

Hand Weapons
 e - a +0 dagger (weapon)
Armour
 a - a +0 robe (worn)
Jewellery
 i - a ring of ice (left hand)
 k - a ring of protection from fire (right hand)
Scrolls
 c - a scroll of silence {unknown}
 f - a scroll of immolation {unknown}
 g - a scroll of magic mapping {unknown}
 j - 3 scrolls of identify {unknown}
 m - a scroll of vulnerability {unknown}
 o - 2 scrolls of amnesia {unknown}
Potions
 b - a potion of magic
 d - a potion of might {unknown}
 h - 2 potions of mutation {unknown}
 l - 2 potions of degeneration {unknown}
 n - a potion of ambrosia {unknown}


   Skills:
 + Level 0.9 Fighting
 + Level 0.8 Armour
 + Level 1.7 Dodging
 + Level 2.5 Stealth
 + Level 2.1 Spellcasting
 * Level 1.4 Transmutations
 * Level 4.2 Earth Magic


You had 2 spell levels left.
You knew the following spells:

 Your Spells              Type           Power      Damage    Failure   Level
a - Sandblast             Erth           32%        2d9       3%          1
b - Stone Arrow           Conj/Erth      18%        3d8       24%         3

Your spell library contained the following spells:

 Spells                   Type           Power      Damage    Failure   Level
 Passwall                 Tmut/Erth      9%         N/A       9%          2
 Gell's Gravitas          Tloc           1%         N/A       50%         3
 Lesser Beckoning         Tloc           1%         N/A       50%         3
 Teleport Other           Tloc           1%         N/A       50%         3
 Petrify                  Tmut/Erth      11%        N/A       52%         4


Dungeon Overview and Level Annotations

Branches:
Dungeon (2/15)

Altars:

Annotations:
D:2 Sigmund, Terence


Innate Abilities, Weirdness & Mutations

You are immune to sickness and miasma.
Your stone body is resilient. (AC +3)
You are immune to poison.
You resist negative energy. (rN+)
You are resistant to electric shocks. (rElec)
You are resistant to unholy torment.
You are immune to petrification.


Message History

You can't see any susceptible monsters within range! (Use Z to cast anyway.)
Casting: Sandblast (safe; 3% risk of failure)
Confirm with . or Enter, or press ? or * to list all spells.
The spell is extremely dangerous to miscast (24% risk of failure)!
Continue anyway?
Aiming: Stone Arrow (extremely dangerous; 24% risk of failure)
Press: ? - help, Shift-Dir - straight line, f - Terence
Aim: Terence, wielding a +0 hand axe and wearing a +3 chain mail of cold resistance (74% to hit)
The stone arrow hits Terence.
Terence is lightly wounded.
Aiming: Sandblast (safe; 3% risk of failure)
Press: ? - help, Q - select action Shift-Dir - straight line, f/p - Terence
Aim: Terence, wielding a +0 hand axe and wearing a +3 chain mail of cold resistance (lightly wounded, 85% to hit)
The blast of sand hits Terence but does no damage.
Terence is lightly wounded.
Terence attacks as you move away! Terence closely misses you.
Aiming: Sandblast (safe; 3% risk of failure)
Press: ? - help, Q - select action Shift-Dir - straight line, f/p - Terence
Aim: Terence, wielding a +0 hand axe and wearing a +3 chain mail of cold resistance (lightly wounded, 85% to hit)
The blast of sand misses Terence.
Terence hits you but does no damage. x2
Aiming: Sandblast (safe; 3% risk of failure)
Press: ? - help, Q - select action Shift-Dir - straight line, f/p - Terence
Aim: Terence, wielding a +0 hand axe and wearing a +3 chain mail of cold resistance (lightly wounded, 85% to hit)
The blast of sand hits Terence but does no damage.
Terence is lightly wounded.
Terence closely misses you. Terence hits you with a +0 hand axe.
Casting: Sandblast (safe; 3% risk of failure)
Confirm with . or Enter, or press ? or * to list all spells.
You don't have enough magic to cast this spell.
Terence is nearby!
You barely miss Terence.
Terence is lightly wounded.
Terence screams, "I'm going to kill you!"
Terence hits you with a +0 hand axe! Terence attacks as you move away!
Terence completely misses you. Terence attacks as you move away!
Terence completely misses you. Terence attacks as you move away!
Terence hits you with a +0 hand axe!
* * * LOW HITPOINT WARNING * * *
Terence attacks as you move away! Terence hits you with a +0 hand axe.
You die...

#.# #....... #.#
#####... #.# #...
#.# ########...
#.# #..........
#.# #..........
#.# #..........
#.# #..........
#@# #........##
#@# #........# #.#
######...# #.#
###### #.#########
#.
#.#.......#######.
#.#.#####.........
#.#......########.
#.#......'........


You could see Terence.

Vanquished Creatures
  An adder (D:2)
  A worm (D:2)
  3 dart slugs
  8 bats
  3 endoplasms
  A giant cockroach (D:2)
  4 goblins (D:1)
  A hobgoblin (D:2)
  A kobold (D:2)
  4 quokkas
  3 rats (D:1)
30 creatures vanquished.

Vanquished Creatures (others)
  3 plants (D:1)
3 creatures vanquished.

Grand Total: 33 creatures vanquished

Notes
Turn   | Place    | Note
-------+----------+-------------------------------------------
     0 | D:1      | happo123 the Gargoyle Earth Elementalist began the quest
                  | for the Orb.
     0 | D:1      | Reached XP level 1. HP: 10/10 MP: 3/3
   209 | D:1      | Reached skill level 1 in Transmutations
   209 | D:1      | Reached XP level 2. HP: 11/15 MP: 1/5
   449 | D:1      | Reached skill level 4 in Earth Magic
   717 | D:2      | Reached XP level 3. HP: 20/20 MP: 4/6
   721 | D:2      | Learned a level 3 spell: Stone Arrow
   881 | D:2      | Noticed Sigmund
   943 | D:2      | HP: 1/20 [something/magic dart (3)]
  1599 | D:2      | Noticed Terence
  1617 | D:2      | Slain by Terence

Illustrated notes

Levels and vault maps discovered:
D:1:      psy_arrival_fountain, layout_loops_ring, nrook_mini_backslash,
          serial_bayou_lagoon_a, minmay_pentomino_t2
D:2:      layout_basic, basic_altar, uniq_terence, uniq_sigmund

Skill      XL: |  1  2 |
---------------+-------+-----
Transmutations | 1 |  1.4
Earth Magic    | 4 |  4.2
Fighting       | |  0.9
Armour         | |  0.8
Dodging        | |  1.7
Stealth        | |  2.5
Spellcasting   | |  2.1

Action                   || total
-------------------------++-------
Melee: Unarmed           ||    17
       Dagger            ||    37
       Punch             ||     2
 Cast: Sandblast         ||    38
       Stone Arrow       ||     1
 Stab: Sleeping          ||     1
Armor: Robe              ||    58
Dodge: Dodged            ||    92

Table legend: (Time is in decaauts)
 A = Elapsed time spent in this place.
 B = Non-inter-level travel time spent in this place.
 C = Inter-level travel time spent in this place.
 D = Time resting spent in this place.
 E = Time spent auto-exploring this place.
 F = Levels seen in this place.
 G = Mean time per level.
                   A        B        C        D        E       F      G
               +--------+--------+--------+--------+--------+-----+--------+
         Total |   1669 |   1039 |    630 |    336 |    328 |   2 |  834.5 |
       Dungeon |   1669 |   1039 |    630 |    336 |    328 |   2 |  834.5 |
               +--------+--------+--------+--------+--------+-----+--------+

Top non-repeatable levels by time:
     D:1: 1041 daAuts
     D:2: 628 daAuts
